 Dungeon Crawl Stone Soup version 0.20-a0-1122-gb7cbeb9 (webtiles) character file.

90 Hook the Insei (level 4, -1/32 HPs)
             Began as a Demonspawn Transmuter on May 14, 2017.
             Slain by a sky beast (6 damage)
             ... on level 3 of the Dungeon.
             The game lasted 00:12:04 (3313 turns).

Hook the Insei (Demonspawn Transmuter)              Turns: 3313, Time: 00:12:05

Health: -1/32      AC:  3    Str: 11    XL:     4   Next: 32%
Magic:  7/7        EV: 14    Int: 15    God:
Gold:   119        SH:  0    Dex: 13    Spells: 4/7 levels left

rFire    . . .     SeeInvis .     - Unarmed
rCold    . . .     Gourm    .   (no shield)
rNeg     . . .     Faith    .   h - +0 leather armour
rPois    .         Spirit   .   (no helmet)
rElec    .         Reflect  .   (no cloak)
rCorr    .         Harm     .   (no gloves)
MR       .....                  (no boots)
Stlth    ++........             (no amulet)
Regen    0.1/turn               r - ring of flight
MPRegen  0.1/turn               (no ring)

@: appendage (expiring)
A: hooves 1, horns 2, repulsion field 1, nightstalker 1
a: End Transformation, Evoke Flight


You were on level 3 of the Dungeon.
You were not hungry.
You had grown temporary horns.
You visited 1 branch of the dungeon, and saw 3 of its levels.

You collected 119 gold pieces.

Inventory:

Hand Weapons
 e - a +0 club
 j - a +0 club
 m - a +0 short sword
Missiles
 a - 32 arrows
 n - 51 stones (quivered)
Armour
 b - a +0 robe
 h - a +0 leather armour (worn)
 k - +0 ice dragon scales
Jewellery
 r - a ring of flight (left hand)
Scrolls
 g - 4 scrolls of blinking {unknown}
 i - a scroll of immolation {unknown}
 l - 2 scrolls of amnesia {unknown}
 q - a scroll of enchant weapon {unknown}
 s - a scroll of remove curse {unknown}
 w - a scroll of identify
Potions
 o - 2 potions of ambrosia {unknown}
 t - 2 potions of lignification {unknown}
 u - a potion of curing {unknown}
 v - a potion of flight {unknown}
Books
 c - a book of Changes

   Spells                             Type                      Level
   a - Beastly Appendage              Transmutation                1
   b - Sticks to Snakes               Transmutation                2
   c - Spider Form                    Transmutation/Poison         3
   d - Ice Form                       Ice/Transmutation            4
   e - Blade Hands                    Transmutation                5
Comestibles
 d - a bread ration
 p - a meat ration


   Skills:
 * Level 1.6 Fighting
 + Level 0.5 Armour
 * Level 2.5 Dodging
 + Level 1.0 Stealth
 + Level 3.3 Unarmed Combat
 * Level 2.4 Spellcasting
 * Level 1.9 Transmutations


You had 4 spell levels left.
You knew the following spells:

 Your Spells              Type           Power        Failure   Level  Hunger
a - Beastly Appendage     Tmut           #.....       13%         1    #......
b - Sticks to Snakes      Tmut           #.......     19%         2    ###....


Dungeon Overview and Level Annotations

Branches:
Dungeon (3/15)

Altars:
Dithmenos
Okawaru
Xom

Annotations:
D:2 Terence


Innate Abilities, Weirdness & Mutations

You have large cloven feet.
You are surrounded by a mild repulsion field. (EV +2)
You are slightly more attuned to the shadows.
You have a pair of horns on your head.


Message History

Something shocks you.
* * * LOW HITPOINT WARNING * * *
You hit something but do no damage. You kick something.
Something hits you but does no damage.
You barely miss something. Something barely misses you.
Your leather armour prevents you from hitting something.
You kick something.
A sky beast appears from thin air!
Reactivating autopickup.
The sky beast closely misses you.
You hit the sky beast. Your kick misses the sky beast.
You headbutt the sky beast.
The sky beast is heavily wounded.
The sky beast closely misses you.
A worm comes into view.
You hit the sky beast. Your kick misses the sky beast.
The sky beast is severely wounded.
The sky beast hits you.
* * * LOW HITPOINT WARNING * * *
The sky beast shocks you.
You die...

#.#
############[.#.###
#.# #.#.#**# #.#
#.#.# *. #.# #.#,#
*. #.# #.#,* *, #.#
###** ** #.# **####
#.# ####....# **
#.# #.@Y....#
********, ####.#
#.##w...# *,,,**,,*
#....# #.#*,...#
*,,,+,*** #.####
#.#*,,..# *,,,***
#.# #.#*,,,.# *****
#.# #.#*,,,,# #.#
#.#****** #.# #.#
### ** #.# #.# #.#
*,


You could see a sky beast and a worm.

Vanquished Creatures
  2 adders (D:2)
  An ooze (D:1)
  A worm (D:2)
  4 dart slugs
  2 leopard geckos (D:1)
  5 bats
  2 giant cockroaches
  11 goblins
  8 hobgoblins
  A quokka (D:2)
  2 frilled lizards (D:3)
  3 kobolds (D:1)
  12 rats
54 creatures vanquished.

Notes
Turn   | Place    | Note
-------+----------+-------------------------------------------
     0 | D:1      | Hook the Demonspawn Transmuter began the quest for the Orb.
     0 | D:1      | Reached XP level 1. HP: 15/15 MP: 3/3
   451 | D:1      | Gained mutation: You have large cloven feet. [demonic ancestry]
   451 | D:1      | Reached XP level 2. HP: 21/21 MP: 5/5
   595 | D:1      | Reached skill level 3 in Unarmed Combat
   924 | D:1      | Gained mutation: You are surrounded by a mild repulsion field. (EV +2) [demonic ancestry]
   924 | D:1      | Reached XP level 3. HP: 13/26 MP: 4/6
  1141 | D:1      | Learned a level 2 spell: Sticks to Snakes
  1974 | D:2      | Noticed Terence
  2528 | D:2      | Found an iron altar of Okawaru.
  2814 | D:2      | Gained mutation: You are slightly more attuned to the shadows. [demonic ancestry]
  2814 | D:2      | Reached XP level 4. HP: 32/32 MP: 7/7
  3061 | D:3      | Found a shimmering altar of Xom.
  3112 | D:3      | Found a shadowy altar of Dithmenos.
  3130 | D:3      | Reached skill level 1 in Stealth
  3302 | D:3      | Noticed a sky beast
  3313 | D:3      | Slain by a sky beast

Vault maps used:
D:1:      dpeg_arrival_simpleton_c
D:2:      nicolae_overflow_hidden_temple, okawaru_ov_weapons_minmay,
          uniq_terence
D:3:      nicolae_overflow_crystal_walls, nicolae_dithmenos_shadow_blocks,
          uniq_jessica, uniq_crazy_yiuf_cottage

Skill      XL: |  1  2  3  4 |
---------------+-------------+-----
Dodging        | 2 |  2.5
Unarmed Combat | 3 |  3.3
Stealth        | 1 |  1.0
Fighting       | |  1.6
Armour         | |  0.5
Spellcasting   | |  2.4
Transmutations | |  1.9

Action                   |  1- 3 |  4- 6 || total
-------------------------+-------+-------++-------
Melee: Unarmed           |   158 |    64 ||   222
       Headbutt          |    11 |     5 ||    16
       Kick              |    30 |    18 ||    48
       Punch             |     1 |     1 ||     2
Throw: Stone             |       |     2 ||     2
 Cast: Beastly Appendage |    11 |     3 ||    14
       Sticks to Snakes  |     3 |       ||     3
  Use: Scroll            |       |     2 ||     2
 Stab: Sleeping          |       |     5 ||     5
  Eat: Chunk             |     4 |       ||     4
       Bread ration      |     1 |       ||     1
Armor: Leather armour    |    30 |    12 ||    42
       Robe              |     2 |       ||     2
Dodge: Dodged            |   137 |    36 ||   173
